 Dungeon Crawl Stone Soup version 0.27-a0-1119-gbf574a6a6b (webtiles) character file.

Game seed: 4560410211083739200

92 Zeld the Chucker (level 4, -1/31 HPs)
             Began as an Octopode Fighter on May 2, 2021.
             Engulfed by Sigmund's steam (6 damage)
             ... on level 2 of the Dungeon.
             The game lasted 00:02:23 (2055 turns).

Zeld the Chucker (Octopode Fighter)                 Turns: 2055, Time: 00:02:24

Health: -1/31      AC:  1    Str: 16    XL:     4   Next: 60%
Magic:  4/4        EV: 11    Int: 10    God:
Gold:   167        SH:  0    Dex: 11    Spells: 3/3 levels left

rFire    . . .     SeeInvis .   a - +0 war axe
rCold    . . .     Faith    .   b - +0 kite shield
rNeg     + . .     Spirit   .   (helmet restricted)
rPois    .         Reflect  .   (no amulet)
rElec    .         Harm     .   k - ring of resist corrosion
rCorr    +         Rampage  .   f - ring of positive energy
Will     .....                  (no ring)
Stlth    +++.......             (no ring)
HPRegen  0.10/turn              (no ring)
MPRegen  0.09/turn              (no ring)
                                (no ring)
                                (no ring)

@: confused
A: almost no armour, amphibious, 8 rings, camouflage 1, gelatinous body 1,
nimble swimmer 1, tentacles
a: no special abilities


You were on level 2 of the Dungeon.
You visited 1 branch of the dungeon, and saw 2 of its levels.

You collected 167 gold pieces.

Inventory:

Hand Weapons
 a - a +0 war axe (weapon)
Missiles
 e - 11 poisoned darts (quivered)
Armour
 b - a +0 kite shield (worn)
Jewellery
 f - a ring of positive energy (right tentacle)
 k - a ring of resist corrosion (left tentacle)
Scrolls
 d - 3 scrolls of enchant weapon {unknown}
 h - a scroll of teleportation {unknown}
 i - 2 scrolls of identify {unknown}
Potions
 c - a potion of might
 g - 2 potions of haste {unknown}
 j - a potion of invisibility {unknown}
 l - a potion of heal wounds {unknown}


   Skills:
 - Level 3.2 Fighting
 - Level 2.3 Axes
 * Level 3.4 Throwing
 - Level 3.0 Dodging
 - Level 3.2 Shields


You had 3 spell levels left.
You didn't know any spells.
Your spell library contained the following spells:

 Spells                   Type           Power      Damage    Failure   Level
 Animate Skeleton         Necr           0%         N/A       86%         1
 Pain                     Necr           0%         1d4       86%         1
 Vampiric Draining        Necr           0%         2d6       99%         3
 Animate Dead             Necr           0%         N/A       100%        4
 Agony                    Necr           0%         N/A       100%        5


Dungeon Overview and Level Annotations

Branches:
Dungeon (2/15)

Altars:

Annotations:
D:2 Sigmund


Innate Abilities, Weirdness & Mutations

You cannot wear most types of armour.
You are amphibious.
You can wear up to eight rings at the same time.
Your skin changes colour to match your surroundings (Stealth+).
Your rubbery body absorbs attacks. (AC +1, EV +1)
You are camouflaged near water. (Stealth+)
You have tentacles for arms and can constrict up to eight enemies at once.


Message History

A rat is nearby!
A rat is nearby!
A rat is nearby!
k - a ring of resist corrosion (left tentacle)
f - a ring of positive energy (right tentacle) Sigmund the Dreaded comes into view.
He is wielding a +0 scythe and wearing a +2 robe of willpower.
Sigmund shouts!
A bat comes into view.
You barely miss the rat. Your grab misses the rat. You block the rat's attack.
The rat closely misses you. The bat hits you. You block the rat's attack.
Sigmund points at himself and mumbles some strange words.
Sigmund flickers and vanishes!
Deactivating autopickup; reactivate with Ctrl-A.
You block the bat's attack.
You slash the rat!
You kill the rat!
You barely miss the bat. The bat closely misses you.
Something tries to affect you, but you resist.
A magic dart appears from out of thin air!
The magic dart hits you. The bat closely misses you. The bat barely misses you.
The bat hits you.
A magic dart appears from out of thin air!
The magic dart hits you! You block the bat's attack. The bat misses you.
You hear some strange, mumbled words.
Something tries to affect you, but you resist.
The bat barely misses you.
You barely miss the bat. Your grab misses the bat. The bat misses you.
You block the bat's attack.
You hear some strange, mumbled words.
You are confused.
The bat misses you.
A puff of flame appears from out of thin air!
The puff of flame hits you!
* * * LOW HITPOINT WARNING * * *
You are engulfed in a cloud of scalding steam.
You die...

######.......# #.....
#.......###..# ###...
##.........#..#######...
#..........#>...........
####..........#....#......#
#..........................
#...$............)....<...#
#.........§§§≈.............
#......{..@§§≈≈≈...........
#.........b§§≈≈≈≈≈.........
#..........≈≈≈≈≈≈≈≈≈≈....≈≈
#...........≈≈≈≈≈≈≈≈≈≈≈≈≈≈≈
#.............≈≈≈≈≈≈≈≈≈≈≈≈≈
#...............≈≈≈≈≈≈≈≈≈≈≈
####..............#≈≈≈≈≈≈≈≈
##...........#########.#
##.......... ..


You could see a bat.

Vanquished Creatures
  4 gnolls (D:2)
  2 adders (D:2)
  A worm (D:2)
  A dart slug (D:1)
  3 endoplasms
  A giant cockroach (D:1)
  4 goblins
  3 hobgoblins (D:1)
  4 ball pythons
  2 bats
  A frilled lizard (D:1)
  3 kobolds
  6 rats
35 creatures vanquished.

Notes
Turn   | Place    | Note
-------+----------+-------------------------------------------
     0 | D:1      | Zeld the Octopode Fighter began the quest for the Orb.
     0 | D:1      | Reached XP level 1. HP: 16/16 MP: 1/1
   319 | D:1      | Reached XP level 2. HP: 14/21 MP: 2/2
   654 | D:1      | Reached skill level 1 in Throwing
  1037 | D:2      | Reached XP level 3. HP: 26/26 MP: 3/3
  1342 | D:2      | Reached XP level 4. HP: 19/31 MP: 4/4
  1944 | D:2      | Found a faded altar of an unknown god.
  2042 | D:2      | Noticed Sigmund
  2055 | D:2      | Engulfed by Sigmund's steam

Illustrated notes

Levels and vault maps discovered:
D:1:      minmay_arrival_checkered_box, layout_loops_ring
D:2:      wander_river, layout_rooms, shapermc_ecumenical_altar_totnotflames,
          uniq_sigmund

Skill      XL: |  1  2  3  4 |
---------------+-------------+-----
Throwing       | 1 2 3 |  3.4
Fighting       | |  3.2
Axes           | |  2.3
Dodging        | |  3.0
Shields        | |  3.2

Action                   |  1- 3 |  4- 6 || total
-------------------------+-------+-------++-------
Melee: War axe           |    40 |    21 ||    61
       Constrict         |    10 |     5 ||    15
       Tentacles         |     8 |     4 ||    12
 Stab: Sleeping          |     7 |       ||     7
Armor: Skin              |     1 |       ||     1
Dodge: Dodged            |     9 |    18 ||    27
Block: Kite shield       |    13 |    18 ||    31

Table legend: (Time is in decaauts)
 A = Elapsed time spent in this place.
 B = Non-inter-level travel time spent in this place.
 C = Inter-level travel time spent in this place.
 D = Time resting spent in this place.
 E = Time spent auto-exploring this place.
 F = Levels seen in this place.
 G = Mean time per level.
                   A        B        C        D        E       F      G
               +--------+--------+--------+--------+--------+-----+--------+
         Total |   2093 |   2068 |     25 |    298 |   1486 |   2 | 1046.5 |
       Dungeon |   2093 |   2068 |     25 |    298 |   1486 |   2 | 1046.5 |
               +--------+--------+--------+--------+--------+-----+--------+

Top non-repeatable levels by time:
     D:1: 1253 daAuts
     D:2: 840 daAuts
